 Dungeon Crawl Stone Soup version 0.28-a0-268-g3f656e82c2 (webtiles) character file.

Game seed: 7047526910806728418

1 Sweetruy1997 the Magician (level 1, 0/13 HPs)
             Began as a Palentonga Hedge Wizard on Aug 29, 2021.
             Slain by a bat (1 damage)
             ... on level 1 of the Dungeon.
             The game lasted 00:00:59 (140 turns).

Sweetruy1997 the Magician (Palentonga Hedge Wizard)  Turns: 140, Time: 00:01:00

Health: 0/13       AC:  4    Str: 13    XL:     1   Next: 16%
Magic:  2/4        EV:  9    Int: 14    God:
Gold:   5          SH:  2    Dex:  9    Spells: 5/6 levels left

rFire   . . .      SeeInvis +   a - +0 dagger
rCold   . . .      Faith    .   e - +0 buckler
rNeg    . . .      Spirit   .   b - +0 robe
rPois   .          Reflect  .   c - +0 hat
rElec   .          Harm     .   (no cloak)
rCorr   .          Rampage  .   (no gloves)
Will    .....                   (no barding)
Stlth   +.........              (no amulet)
HPRegen 0.04/turn               (no ring)
MPRegen 0.09/turn               (no ring)

@: no status effects
A: large, rugged brown scales 3, see invisible, deformed body, roll 1, armoured
tail
a: Rolling Charge


You were on level 1 of the Dungeon.
You visited 1 branch of the dungeon, and saw 1 of its levels.

You collected 5 gold pieces.

Inventory:

Hand Weapons
 a - a +0 dagger (weapon)
Armour
 b - a +0 robe (worn)
 c - a +0 hat (worn)
 e - a +0 buckler (worn)
Scrolls
 d - a scroll of blinking {unknown}


   Skills:
 + Level 1.5 Dodging
 + Level 1.2 Stealth
 + Level 3.0 Spellcasting
 + Level 0.8 Conjurations
 + Level 0.7 Summonings
 + Level 1.0 Translocations


You had 5 spell levels left.
You knew the following spells:

 Your Spells              Type           Power      Damage    Failure   Level
a - Magic Dart            Conj           16%        1d3       26%         1

Your spell library contained the following spells:

 Spells                   Type           Power      Damage    Failure   Level
 Blink                    Tloc           N/A        N/A       34%         2
 Call Imp                 Summ           4%         N/A       38%         2
 Slow                     Hex            2%         N/A       47%         2
 Conjure Flame            Conj/Fire      3%         6-21      65%         3
 Mephitic Cloud           Conj/Pois/Air  2%         N/A       67%         3


Dungeon Overview and Level Annotations

Branches:
Dungeon (1/15)

Altars:


Innate Abilities, Weirdness & Mutations

You are completely covered in rugged brown scales. (AC +3, +7% HP)
You have supernaturally acute eyesight. (SInv)
Armour fits poorly on your strangely shaped body.
You can roll at nearby foes to attack.
You have a long armoured tail.


Message History

The jackal closely misses you. The jackal barely misses you.
You miss the jackal.
The jackal is moderately wounded.
The jackal bites you but does no damage.
The magic dart hits the jackal but does no damage.
The jackal bites you. The jackal closely misses you.
You hit the jackal but do no damage. You block the jackal's attack.
You barely miss the jackal.
You tail-slap the jackal, but do no damage.
The jackal misses you. You block the jackal's attack.
You hit the jackal.
The jackal is almost dead.
The jackal completely misses you.
You closely miss the jackal.
The jackal is almost dead.
The jackal barely misses you. The jackal bites you.
You closely miss the jackal.
Your tail-slap misses the jackal.
The jackal is almost dead.
The jackal bites you.
You hit the jackal.
You kill the jackal!
The jackal bites you.
* * * LOW HITPOINT WARNING * * *
A ball python comes into view.
The jackal bites you but does no damage.
The ball python hisses angrily.
The jackal barely misses you. The ball python closely misses you.
The ball python closely misses you. The jackal bites you.
* * * LOW HITPOINT WARNING * * *
You block the ball python's attack. The jackal barely misses you.
Found 14 gold pieces.
The ball python bites you.
* * * LOW HITPOINT WARNING * * *
The jackal barely misses you.
A bat comes into view.
The ball python bites you.
* * * LOW HITPOINT WARNING * * *
The bat hits you.
You die...

.≈≈≈≈≈.≈.#
..≈≈≈≈≈..#
#..≈≈≈..##
....≈≈≈.########
...≈≈≈≈.#.$.....
#.≈≈≈P≈l..#..
#..≈≈≈≈.h.#.#
#..≈≈≈≈.hS#.###..#.
#..≈≈≈≈≈h.b@.......
#..P≈≈≈..##.#######
..≈≈≈≈≈..##.#
#.P≈≈≈≈≈b##.#
.P.≈≈≈≈..#.#
...≈≈≈...#.#
..≈≈≈.. ... ...


You could see 3 jackals, a bat, a ball python and a frilled lizard.

Vanquished Creatures
  A jackal (D:1)
1 creature vanquished.

Notes
Turn   | Place    | Note
-------+----------+-------------------------------------------
     0 | D:1      | Sweetruy1997 the Palentonga Hedge Wizard began the quest
                  | for the Orb.
     0 | D:1      | Reached XP level 1. HP: 13/13 MP: 4/4
   140 | D:1      | Slain by a bat

Illustrated notes

Levels and vault maps discovered:
D:1:      kennysheep_arrival_seaside, layout_loops_corners,
          basic_ecumenical_altar, chequers_big_river, minivault_26,
          kennysheep_nondescript, minmay_misc_feat_plants

Action                   || total
-------------------------++-------
Melee: Dagger            ||    18
       Tailslap          ||     1
 Cast: Magic Dart        ||     5
Armor: Robe              ||    10
Dodge: Dodged            ||    18
Block: Buckler           ||     6

Table legend: (Time is in decaauts)
 A = Elapsed time spent in this place.
 B = Non-inter-level travel time spent in this place.
 C = Inter-level travel time spent in this place.
 D = Time resting spent in this place.
 E = Time spent auto-exploring this place.
 F = Levels seen in this place.
 G = Mean time per level.
                   A        B        C        D        E       F      G
               +--------+--------+--------+--------+--------+-----+--------+
         Total |    141 |    141 |      0 |      0 |     71 |   1 |  141.0 |
       Dungeon |    141 |    141 |      0 |      0 |     71 |   1 |  141.0 |
               +--------+--------+--------+--------+--------+-----+--------+

Top non-repeatable levels by time:
     D:1: 141 daAuts
